Zazza, neutral female human Tourist -------------- .............| # |............| -------- ### |..........<.| |`...r.. e `f#fS#######.............| |.....`.....W q@Sf##### |............| | ----- ------------+- Zazza the Rambler Experience level: 1 Strength: 11 Dexterity: 10 Constitution: 16 Intelligence: 14 Wisdom: 12 Charisma: 14 Health: 0(10) Energy: 2(2) Def: 7 Gold: 2764 Moves: 1794 Dungeon seed: wTR0sRdA7t5lfSba Game ID: Zazza_1619340432 Your Inventory: Coins $ - 2764 gold pieces Amulets I - an uncursed amulet of ESP (being worn) Weapons a - 24 +2 darts (in quiver) Q - a +0 orcish dagger (weapon in hand) Armor e - an uncursed +0 Hawaiian shirt j - an uncursed +0 oilskin cloak r - a cursed +0 dwarvish mithril-coat (being worn) y - an uncursed +0 pair of leather gloves N - an uncursed +0 alchemy smock (being worn) Y - an uncursed +0 orcish helm Comestibles b - an uncursed fortune cookie c - an uncursed melon d - 5 uncursed food rations g - an uncursed slime mold h - an uncursed tripe ration p - an uncursed clove of garlic B - an uncursed tripe ration C - 2 uncursed fortune cookies G - 4 uncursed food rations J - an uncursed carrot S - an uncursed tripe ration U - a cursed tin of garter snake meat W - an uncursed food ration Scrolls o - an uncursed scroll of identify s - an uncursed scroll of blank paper w - an uncursed scroll of destroy armor A - an uncursed scroll of create monster H - an uncursed scroll of gold detection O - an uncursed scroll of create monster P - an uncursed scroll of enchant weapon Potions i - 2 uncursed potions of extra healing v - an uncursed potion of hallucination D - an uncursed potion of sleeping E - an uncursed potion of healing F - a cursed potion of object detection T - an uncursed potion of restore ability X - a blessed potion of object detection Z - an uncursed potion of speed Rings f - an uncursed ring of levitation t - a cursed ring of polymorph control u - a cursed ring of hunger K - a cursed +4 ring of increase accuracy V - a blessed +2 ring of gain strength Wands x - a wand of light (0:12) Tools k - an uncursed skeleton key l - an expensive camera (0:94) m - an uncursed credit card L - a magic marker (0:52) M - an uncursed mirror R - an uncursed towel Gems n - an uncursed jasper stone q - an uncursed worthless piece of yellowish brown glass z - an uncursed worthless piece of violet glass Spells and supernatural/magical abilities: Name Level Category Fail Memory W - pray for help -- divine ? -- Your skills at the end: Fighting Skills Weapon Skills dart [Basic] Spellcasting Skills Final Attributes: You were nominally aligned. You were poison resistant. You were acid resistant. You were telepathic. You are dead. Vanquished creatures: a rothe 2 giant rats 5 jackals 5 kobolds a goblin 5 grid bugs a lichen 3 kobold zombies 8 newts 31 creatures vanquished. Voluntary challenges: You were an atheist. You never hit with a wielded weapon. You were a pacifist. You read items or engraved 8 times, starting on turn 11. You never genocided any monsters. You never polymorphed an object. You never changed form. You used no wishes. You never split a pudding. You never wrote Elbereth's name. You never violated your personal moral code. Dungeon overview: The Dungeons of Doom: levels 1 to 6 Level 1 a long staircase Level 2 a general store Level 3 a general store, a fountain a long staircase Level 4 a sink Level 5 a fountain Level 6 <- You were here History has recorded: On T:1 you entered the Dungeons of Doom to retrieve the Amulet of Yendor! On T:440 you reached level 2 of The Dungeons of Doom. On T:1145 you reached level 3 of The Dungeons of Doom. On T:1563 you reached level 4 of The Dungeons of Doom. On T:1621 you reached level 5 of The Dungeons of Doom. On T:1718 you reached level 6 of The Dungeons of Doom. Score breakdown: Gold: 1881 (11139 points) Experience: 1 level ( 0 points) Exploration: 6 levels ( 11.76%) ( 9486 points) Discoveries: 12 items ( 4.03%) ( 6020 points) Valuables value: (no points given unless you survive) Artifact value: 0 ( 0 points) Variety of kills: 9 monsters ( 2.36%) ( 4610 points) Turncount: 1794 turns ( 0 points) Survival: died (score multiplied by 80%) Total score: 25004 Latest messages: Aloha Zazza, the human Tourist, welcome back to NetHack! Your knapsack cannot accommodate any more items. Armand misses the rothe. The rothe hits! The rothe misses. The rothe bites! You die... Final status: Aloha Zazza the Tourist, killed by a rothe... You died in The Dungeons of Doom on dungeon level 6 with 25004 points, and 2764 pieces of gold, after 1794 moves. You were level 1 with a maximum of 10 hit points when you died.